[Event "Titled Tuesday Blitz February 15 Early 2022"]
[White "Shtyka, Sergey"]
[Black "Shuvalova, Polina"]
[WhiteFideId "4138465"]
[BlackFideId "24171760"]
[WhiteElo "2014"]
[BlackElo "2355"]
[Result "0-1"]
[Round "09"]
[TimeControl "180+1"]
[Date "2022.02.15"]
[WhiteClock "0:00:03"]
[BlackClock "0:00:10"]

1. e4 c6 2. Nf3 d5 3. Nc3 Bg4 4. h3 Bxf3 5. Qxf3 e6 6. g3 Nd7 7. Bg2 Bd6 8. O-O Ne7 9. d4 O-O 10. e5 Bc7 11. Ne2 c5 12. c3 Rc8 13. Be3 cxd4 14. cxd4 Nb6 15. b3 Qd7 16. a4 Bb8 17. Rfc1 Rxc1+ 18. Rxc1 Rc8 19. Nc3 a6 20. Qd1 Ba7 21. Ne2 h6 22. Rxc8+ Qxc8 23. Qc1 Qxc1+ 24. Nxc1 Nd7 25. g4 Nb8 26. Ne2 Nbc6 27. Kf1 Na5 28. Nc1 Nec6 29. Ke2 Bxd4 30. f4 Bb2 31. Nd3 Bc3 32. Nc5 Bd4 33. b4 Bxe3 34. Kxe3 Nxb4 35. f5 Nc4+ 36. Kd4 Nc6+ 37. Kc3 b6 38. Nxa6 N4xe5 39. fxe6 fxe6 40. Nc7 Kf7 41. Na8 Nd7 42. h4 Ke7 43. g5 hxg5 44. hxg5 Kd6 45. Bf1 e5 46. Bh3 d4+ 47. Kd2 Ncb8 48. Kd3 Nc5+ 49. Kc4 Nbd7 50. Kb4 e4 51. Kc4 d3 52. Kc3 Kc6 53. Bf5 Ne5 54. a5 bxa5 55. g6 Kb7 56. Kd4 Kxa8 57. Kxe5 d2 58. Bg4 e3 59. Kd4 a4 60. Kxe3 a3 61. Kxd2 a2 62. Ke3 a1=Q 63. Kf4 Qf6+ 64. Kg3 Qxg6 65. Kh4 Qf6+ 66. Kg3 Ne6 67. Bf3+ Kb8 68. Kf2 Kc7 69. Ke3 Qe5+ 70. Kd2 Nd4 71. Bd1 g5 72. Kc3 Kd6 73. Kb2 Nb5+ 74. Kb1 Nc3+ 75. Ka1 Nxd1+ 76. Kb1 Qb2# 0-1


[Site "https://www.chess.com"]

[Event "Titled Tuesday Blitz February 15 Early 2022"]
[White "Shukhman, Anna"]
[Black "Nurmanova, Alua"]
[WhiteFideId "54180058"]
[BlackFideId "13729390"]
[WhiteElo "1628"]
[BlackElo "1851"]
[Result "1-0"]
[Round "09"]
[TimeControl "180+1"]
[Date "2022.02.15"]
[WhiteClock "0:00:19"]
[BlackClock "0:00:02"]

1. e4 c5 2. Nf3 d6 3. d4 cxd4 4. Nxd4 Nf6 5. Nc3 a6 6. h4 e5 7. Nb3 Be6 8. f4 Nc6 9. f5 Bxb3 10. axb3 Be7 11. Bg5 Nd7 12. Bxe7 Qxe7 13. Nd5 Qd8 14. Qg4 O-O 15. Bd3 Nf6 16. Nxf6+ Qxf6 17. c3 Rfd8 18. Qf3 Qh6 19. g4 Qf4 20. Ke2 Qxf3+ 21. Kxf3 Ne7 22. Bc4 Rac8 23. Rad1 Rc5 24. Rhe1 b5 25. Bd5 Nxd5 26. exd5 a5 27. Ke4 a4 28. bxa4 bxa4 29. Ra1 Rc4+ 30. Kf3 Rb8 31. Re4 Rcc8 32. Rexa4 Rxb2 33. Ra8 Rbb8 34. Rxb8 Rxb8 35. Ra6 Rd8 36. c4 Kf8 37. Ke4 f6 38. Ra7 Rc8 39. Kd3 e4+ 40. Kd4 e3 41. Ra2 Kf7 42. Re2 h5 43. gxh5 Rh8 44. Rxe3 Rxh5 45. Re6 Rxf5 46. Rxd6 Rf4+ 47. Kc3 Rxh4 48. Rd7+ Kg6 49. c5 Rh3+ 50. Kc4 f5 51. c6 Rh1 52. c7 Rc1+ 53. Kd4 Kg5 54. Rxg7+ Kh4 55. Ke5 1-0


[Site "https://www.chess.com"]

[Event "Titled Tuesday Blitz February 15 Early 2022"]
[White "Shuvalov, Evgenij"]
[Black "Balint, Vilmos"]
[WhiteFideId "4187237"]
[BlackFideId "718050"]
[WhiteElo "2119"]
[BlackElo "2059"]
[Result "1-0"]
[Round "09"]
[TimeControl "180+1"]
[Date "2022.02.15"]
[WhiteClock "0:00:35"]
[BlackClock "0:00:48"]

1. Nf3 d5 2. c4 c6 3. g3 Nf6 4. Bg2 Bg4 5. cxd5 cxd5 6. Ne5 Be6 7. Qa4+ Nfd7 8. Nc3 f6 9. Nd3 Nc6 10. Nf4 Bf7 11. Bxd5 Bxd5 12. Ncxd5 Nc5 13. Qc4 e5 14. b4 exf4 15. bxc5 fxg3 16. hxg3 Ne5 17. Qb5+ Qd7 18. Nc7+ Kd8 19. Qxd7+ Kxd7 20. Nxa8 Bxc5 21. Bb2 Nc4 22. Rc1 Nxb2 23. Rxc5 Rxa8 24. Rxh7 Rg8 25. Rh4 g5 26. Rb4 Kd6 27. Rc2 Rh8 28. Kf1 Rh1+ 29. Kg2 1-0


[Site "https://www.chess.com"]

[Event "Titled Tuesday Blitz February 15 Early 2022"]
[White "Shvedova, Alexandra"]
[Black "Do Valle Cardoso, Lucas"]
[WhiteFideId "54154782"]
[BlackFideId "2163144"]
[WhiteElo "1920"]
[BlackElo "2357"]
[Result "1-0"]
[Round "09"]
[TimeControl "180+1"]
[Date "2022.02.15"]
[WhiteClock "0:01:03"]
[BlackClock "0:02:04"]

1. e4 e5 2. Nf3 Nc6 3. Bc4 Nf6 4. d3 Bc5 5. O-O d6 6. a4 a6 7. c3 Ba7 8. Nbd2 h6 9. Re1 g5 10. b4 g4 11. Nh4 Nxe4 12. Nxe4 Qxh4 13. d4 Qe7 14. b5 Na5 15. Bd3 h5 16. dxe5 d5 17. Nf6+ Kf8 18. Ba3 Bc5 19. Nxd5 Bxa3 20. Nxe7 Bxe7 21. Be4 Rb8 22. Bd5 b6 23. e6 axb5 24. exf7 bxa4 25. Qd4 Rh7 26. Qe4 Rg7 27. Qxe7# 1-0


[Site "https://www.chess.com"]

[Event "Titled Tuesday Blitz February 15 Early 2022"]
[White "Singh, Ojasva"]
[Black "Gulatz, Maurice"]
[WhiteFideId "25681958"]
[BlackFideId "24642746"]
[WhiteElo "1741"]
[BlackElo "2150"]
[Result "1-0"]
[Round "09"]
[TimeControl "180+1"]
[Date "2022.02.15"]
[WhiteClock "0:03:02"]
[BlackClock "0:01:46"]

1. e4 e5 2. Nf3 Nc6 3. Bc4 Bc5 4. O-O Nf6 5. d4 exd4 6. e5 d5 7. exf6 dxc4 8. Re1+ Be6 9. Ng5 Qxf6 10. Nxe6 fxe6 11. Qh5+ g6 12. Qxc5 O-O-O 13. Bg5 1-0


[Site "https://www.chess.com"]

[Event "Titled Tuesday Blitz February 15 Early 2022"]
[White "Siva Mahadevan"]
[Black "Glidzhain, Gor"]
[WhiteFideId "25043153"]
[BlackFideId "24109932"]
[WhiteElo "2203"]
[BlackElo "2229"]
[Result "1-0"]
[Round "09"]
[TimeControl "180+1"]
[Date "2022.02.15"]
[WhiteClock "0:00:21"]
[BlackClock "0:00:06"]

1. e4 e5 2. Nf3 d6 3. d4 exd4 4. Nxd4 Nf6 5. Nc3 Be7 6. g3 O-O 7. Bg2 c5 8. Nde2 Nc6 9. O-O Rb8 10. a4 Be6 11. h3 Nb4 12. f4 h5 13. b3 Re8 14. Bb2 Bf8 15. f5 Bd7 16. Nf4 h4 17. g4 Bc6 18. Re1 d5 19. e5 Ne4 20. Nxe4 dxe4 21. Qe2 Qg5 22. Rf1 Rbd8 23. Rae1 e3 24. Bxc6 bxc6 25. Bc3 Nd5 26. Qc4 Nxc3 27. Qxc3 Rd4 28. Qxe3 Bd6 29. Nd3 Qxe3+ 30. Rxe3 Bc7 31. Rfe1 c4 32. bxc4 Rxc4 33. e6 Bb6 34. Ne5 Bxe3+ 35. Rxe3 fxe6 36. Nxc4 Rb8 37. fxe6 Rb1+ 38. Kg2 Rb8 39. e7 Kf7 40. Nd6+ Kf6 41. e8=Q Rxe8 42. Rxe8 1-0


[Site "https://www.chess.com"]

[Event "Titled Tuesday Blitz February 15 Early 2022"]
[White "Sjugirov, Sanan"]
[Black "Rustemov, Alexander"]
[WhiteFideId "4189302"]
[BlackFideId "4119002"]
[WhiteElo "2602"]
[BlackElo "2807"]
[Result "1-0"]
[Round "09"]
[TimeControl "180+1"]
[Date "2022.02.15"]
[WhiteClock "0:00:26"]
[BlackClock "0:00:05"]

1. e4 e6 2. d4 d5 3. Nd2 c5 4. Ngf3 cxd4 5. Nxd4 Nc6 6. Nxc6 bxc6 7. Bd3 Nf6 8. O-O Be7 9. e5 Nd7 10. Qh5 Nc5 11. Nb3 Nxd3 12. cxd3 c5 13. Qg4 g5 14. Bd2 h5 15. Qg3 a5 16. Rac1 Qb6 17. Bxg5 Rg8 18. h4 a4 19. Nd2 Qxb2 20. Qf4 Bf8 21. Rb1 Qxa2 22. Rfc1 Bd7 23. Rb7 Rxg5 24. hxg5 a3 25. Rcb1 Bc6 26. Qxf7+ 1-0


[Site "https://www.chess.com"]

[Event "Titled Tuesday Blitz February 15 Early 2022"]
[White "Soderstrom, Adrian"]
[Black "Begunov, Konstantin"]
[WhiteFideId "1745786"]
[BlackFideId "4118510"]
[WhiteElo "2107"]
[BlackElo "2262"]
[Result "1-0"]
[Round "09"]
[TimeControl "180+1"]
[Date "2022.02.15"]
[WhiteClock "0:02:09"]
[BlackClock "0:00:56"]

1. e4 c5 2. d4 cxd4 3. c3 Nf6 4. e5 Nd5 5. Nf3 Nc6 6. Bc4 Nb6 7. Bb3 d5 8. exd6 e6 9. cxd4 Bxd6 10. O-O Nb4 11. Nc3 O-O 12. Bg5 Be7 13. Ne4 Bxg5 14. Nexg5 h6 15. Ne4 Bd7 16. Ne5 Bb5 17. Re1 Rc8 18. Re3 Nc4 19. Bxc4 Bxc4 20. Rg3 Bd5 21. Qg4 g6 22. Nxg6 f5 23. Ne7+ Kf7 24. Qh5+ Kxe7 25. Rg7+ Rf7 26. Qxf7# 1-0


[Site "https://www.chess.com"]

[Event "Titled Tuesday Blitz February 15 Early 2022"]
[White "Sokolovsky, Yahli"]
[Black "Hamley, Ryan"]
[WhiteFideId "2820242"]
[BlackFideId "30959497"]
[WhiteElo "1770"]
[BlackElo "2403"]
[Result "1-0"]
[Round "09"]
[TimeControl "180+1"]
[Date "2022.02.15"]
[WhiteClock "0:00:23"]
[BlackClock "0:00:13"]

1. b3 d5 2. Bb2 e6 3. e3 Nf6 4. Nf3 Bd6 5. d4 O-O 6. Bd3 b6 7. Nbd2 Bb7 8. Ne5 Nbd7 9. f4 c5 10. O-O cxd4 11. exd4 Rc8 12. Rf3 Ne4 13. Rh3 h6 14. Bxe4 dxe4 15. Ndc4 Nxe5 16. fxe5 Be7 17. Ne3 Qc7 18. c4 f6 19. exf6 Bxf6 20. Qg4 Qd7 21. Rxh6 Bxd4 22. Bxd4 Qxd4 23. Re1 Rce8 24. Rg6 Bc8 25. h4 Rf7 26. h5 Kh7 27. h6 Qe5 28. hxg7 Kg8 29. Rg5 Qd4 30. Qh5 1-0


[Site "https://www.chess.com"]

[Event "Titled Tuesday Blitz February 15 Early 2022"]
[White "Sovetbekova, Nurai"]
[Black "Rosenberg, Evan S"]
[WhiteFideId "13801910"]
[BlackFideId "2019299"]
[WhiteElo "1545"]
[BlackElo "2344"]
[Result "1-0"]
[Round "09"]
[TimeControl "180+1"]
[Date "2022.02.15"]
[WhiteClock "0:00:10"]
[BlackClock "0:00:12"]

1. d4 Nf6 2. c4 e6 3. g3 c5 4. d5 exd5 5. cxd5 d6 6. Nc3 Be7 7. Bg2 O-O 8. Nf3 Na6 9. O-O Nc7 10. Qd3 b5 11. Nxb5 Ba6 12. a4 Rb8 13. Bf4 Nxb5 14. axb5 Bxb5 15. Qd2 a6 16. Ng5 h6 17. Ne4 Nxe4 18. Bxe4 Bg5 19. Bxg5 Qxg5 20. f4 Qe7 21. Bd3 c4 22. Bc2 Rfe8 23. e4 c3 24. bxc3 Bxf1 25. Kxf1 Rb2 26. Qc1 Reb8 27. Rxa6 Qb7 28. Rxd6 Qb5+ 29. Ke1 Qc5 30. Rc6 Qg1+ 31. Kd2 Qf2+ 32. Kd1 Qf1+ 33. Kd2 Qg2+ 34. Kd1 Qxh2 35. d6 Qg1+ 36. Kd2 Qg2+ 37. Kd1 Qf3+ 38. Kd2 Qf2+ 39. Kd1 Qxg3 40. d7 Qg1+ 41. Kd2 Qh2+ 42. Kd1 Qh5+ 43. Kd2 Qh2+ 44. Kd1 Qg1+ 45. Kd2 Qf2+ 46. Kd1 Qf1+ 47. Kd2 Qxf4+ 48. Kd1 Qf3+ 49. Kd2 R2b7 50. Rc8+ Kh7 51. d8=Q Qf4+ 52. Kd1 Qf1+ 53. Kd2 Qf2+ 54. Kd1 Rxc8 55. Qxc8 Re7 56. Qf5+ Qxf5 57. exf5 Rd7+ 58. Ke2 Re7+ 59. Kf2 f6 60. Qf4 Re5 61. Qxe5 fxe5 62. c4 Kg8 63. c5 Kf8 64. c6 Ke8 65. Be4 Kd8 66. Kf3 Kc7 67. Kg4 Kd6 68. Kh5 Ke7 69. Kg6 Kd6 70. Kxg7 h5 71. Kg6 h4 72. Kg5 h3 73. Kg4 h2 74. Kg3 h1=Q 75. Bxh1 e4 76. Bxe4 Ke5 77. c7 Kxe4 78. c8=Q Ke5 79. Qe6+ Kd4 80. f6 1-0


[Site "https://www.chess.com"]

[Event "Titled Tuesday Blitz February 15 Early 2022"]
[White "Stanisz, Patryk"]
[Black "Saim, Mohamed Ilias"]
[WhiteFideId "1123106"]
[BlackFideId "7900465"]
[WhiteElo "1876"]
[BlackElo "2006"]
[Result "0-1"]
[Round "09"]
[TimeControl "180+1"]
[Date "2022.02.15"]
[WhiteClock "0:00:32"]
[BlackClock "0:00:18"]

1. Nf3 d5 2. d4 Nf6 3. c4 e6 4. Nc3 Be7 5. Bf4 a6 6. e3 O-O 7. Rc1 Nbd7 8. c5 h6 9. h3 Ne4 10. Nxe4 dxe4 11. Nd2 f5 12. c6 Nf6 13. cxb7 Bxb7 14. Bxc7 Qd7 15. Be5 Nd5 16. Be2 Rac8 17. O-O Rxc1 18. Qxc1 Rc8 19. Qb1 Nb4 20. a3 Nd5 21. Rc1 Bd6 22. Rxc8+ Bxc8 23. Bxd6 Qxd6 24. Qc2 Bb7 25. Qa4 Kh7 26. Nc4 Qc7 27. Qe8 Qc6 28. Ne5 Qxe8 29. Bc4 Qc8 30. b3 Nc3 31. Nf7 Bd5 32. Nd6 Qc6 33. Nf7 Bxc4 34. Ne5 Qc8 35. bxc4 Qb7 36. c5 Qb1+ 37. Kh2 Nd5 38. Kg3 Qd1 39. c6 Qc2 40. h4 Qa4 41. h5 Qxa3 42. Kh3 Qf8 43. Kg3 Qf6 44. f4 exf3 45. gxf3 Qg5+ 46. Kf2 Qxe3+ 47. Kg3 Qg5+ 48. Kf2 Qxh5 49. c7 Qh2+ 50. Kf1 Nxc7 0-1


[Site "https://www.chess.com"]

[Event "Titled Tuesday Blitz February 15 Early 2022"]
[White "Steenbekkers, Franck"]
[Black "Vine, Elzbieta"]
[WhiteFideId "1004220"]
[BlackFideId "1119320"]
[WhiteElo "2132"]
[BlackElo "1839"]
[Result "1-0"]
[Round "09"]
[TimeControl "180+1"]
[Date "2022.02.15"]
[WhiteClock "0:00:43"]
[BlackClock "0:00:17"]

1. e4 c5 2. Nf3 d6 3. d4 cxd4 4. Nxd4 Nf6 5. Nc3 a6 6. f4 b5 7. e5 dxe5 8. fxe5 Ng4 9. Bf4 b4 10. Ncb5 axb5 11. Bxb5+ Bd7 12. Qxg4 Bxb5 13. Nxb5 e6 14. Bg5 Qa5 15. Qc4 b3+ 16. Ke2 Nd7 17. axb3 h6 18. Rxa5 Rxa5 19. Qc8# 1-0


[Site "https://www.chess.com"]

[Event "Titled Tuesday Blitz February 15 Early 2022"]
[White "Stepanencu, Nicodim-Cosmin"]
[Black "Samaganova, Aleksandra"]
[WhiteFideId "1256220"]
[BlackFideId "13800221"]
[WhiteElo "1809"]
[BlackElo "1859"]
[Result "1-0"]
[Round "09"]
[TimeControl "180+1"]
[Date "2022.02.15"]
[WhiteClock "0:00:15"]
[BlackClock "0:00:16"]

1. b3 c5 2. Bb2 Nf6 3. e3 e6 4. c4 Nc6 5. Nf3 Be7 6. Be2 O-O 7. O-O d5 8. cxd5 Nxd5 9. d3 b6 10. Nbd2 Bb7 11. Rc1 Bf6 12. Bxf6 Qxf6 13. Ne4 Qe7 14. Qc2 Rac8 15. Rfd1 Rfd8 16. Qb2 h6 17. a3 Rd7 18. Rc2 Rcd8 19. Rdc1 Na5 20. Ne5 Rc7 21. b4 cxb4 22. Rxc7 Nxc7 23. axb4 Bxe4 24. dxe4 Nb7 25. Nc6 Qe8 26. Nxd8 Qxd8 27. Qe5 Ne8 28. Qd4 Qxd4 29. exd4 Nbd6 30. f3 Kf8 31. Ba6 Ke7 32. g4 f6 33. e5 Nf7 34. f4 g5 35. Rc8 gxf4 36. Bb5 Ng7 37. Rc7+ Kf8 38. exf6 Ne8 39. Bxe8 Kxe8 40. Re7+ Kf8 41. Rxa7 Ng5 42. Rb7 Nf3+ 43. Kf2 Nxd4 44. Rxb6 Kf7 45. Rd6 Nb5 46. Rb6 Nc3 47. Kf3 Kxf6 48. Rd6 Ke5 49. Rd3 Ne4 50. b5 Ng5+ 51. Kf2 Ne4+ 52. Kg2 Nc5 53. Rb3 Kd5 54. b6 Nb7 55. Rb4 e5 56. Kf3 Kc5 57. Rb1 Kd5 58. Rb5+ Kc6 59. Rxe5 Kxb6 60. Kxf4 Kc7 61. Re7+ Kc6 62. Rxb7 Kxb7 63. Kf5 Kc6 64. Kg6 Kd6 65. Kxh6 Ke6 66. g5 Kf7 67. Kh7 Ke6 68. g6 Kf5 69. g7 Kg5 70. g8=Q+ Kh5 71. Qg2 Kh4 72. Qg3+ Kh5 73. Qf3+ Kh4 74. h3 Kg5 75. Qg4+ Kf6 76. h4 Ke5 77. h5 Kf6 78. h6 Ke5 79. Kg8 Kf6 80. h7 Ke7 81. h8=Q Kd8 82. Qf6+ Kc7 83. Qgg7+ Kb8 84. Qff8# 1-0


[Site "https://www.chess.com"]

[Event "Titled Tuesday Blitz February 15 Early 2022"]
[White "Stromboli, Ettore"]
[Black "Fajdetic, Hrvoje"]
[WhiteFideId "813761"]
[BlackFideId "14501945"]
[WhiteElo "2414"]
[BlackElo "2140"]
[Result "0-1"]
[Round "09"]
[TimeControl "180+1"]
[Date "2022.02.15"]
[WhiteClock "0:00:18"]
[BlackClock "0:00:40"]

1. e4 e6 2. d4 d5 3. e5 c5 4. c3 Nc6 5. Be3 Bd7 6. Nf3 f6 7. exf6 Nxf6 8. Bd3 Qb6 9. Qd2 cxd4 10. Nxd4 Nxd4 11. Bxd4 Bc5 12. Bxc5 Qxc5 13. Na3 O-O 14. h3 e5 15. O-O e4 16. Be2 Ba4 17. Nc2 Bxc2 18. Qxc2 Kh8 19. Rad1 Rad8 20. Rd4 b5 21. Qb3 a6 22. a4 Rb8 23. axb5 axb5 24. Rb4 Rb6 25. Rd1 Rfb8 26. Rdd4 g6 27. Qd1 Kg7 28. Qd2 h6 29. Qe3 Qc7 30. Rd1 Qe5 31. Ra1 R8b7 32. Ra5 Qe8 33. Qd4 Kf7 34. Qc5 Qc6 35. Qxc6 Rxc6 36. Raxb5 Rxb5 37. Rxb5 Ke6 38. Kf1 Ke5 39. Ke1 Nd7 40. Kd2 Nc5 41. Ke3 g5 42. Bc4 dxc4 43. f3 exf3 44. gxf3 Kd5 45. f4 Re6+ 46. Kf3 Rf6 47. Kg3 Rxf4 48. Rb8 Rf6 49. Rd8+ Rd6 50. Rb8 Nd3 51. b3 cxb3 52. Rxb3 Kc4 53. Rb8 Kxc3 54. Rc8+ Kd2 55. Kg4 Ke3 56. Kh5 Kf3 57. h4 Nf4# 0-1


[Site "https://www.chess.com"]

[Event "Titled Tuesday Blitz February 15 Early 2022"]
[White "Sychev, Klementy"]
[Black "Eynullayev, Atilla"]
[WhiteFideId "4114060"]
[BlackFideId "13413570"]
[WhiteElo "2564"]
[BlackElo "1979"]
[Result "1-0"]
[Round "09"]
[TimeControl "180+1"]
[Date "2022.02.15"]
[WhiteClock "0:01:30"]
[BlackClock "0:00:40"]

1. e4 c5 2. b4 cxb4 3. a3 d5 4. exd5 Qxd5 5. Nf3 e5 6. c4 bxc3 7. Nxc3 Qd8 8. Nxe5 Bd6 9. Qa4+ Nd7 10. Nc4 Qe7+ 11. Be2 Nf6 12. Nxd6+ Qxd6 13. O-O O-O 14. Qb4 Qc7 15. d3 Nb6 16. Bf4 Qd8 17. Bg5 h6 18. Bh4 Nbd5 19. Nxd5 Qxd5 20. Bxf6 gxf6 21. Bf3 Qxd3 22. Rad1 Qa6 23. Rd6 1-0


[Site "https://www.chess.com"]

[Event "Titled Tuesday Blitz February 15 Early 2022"]
[White "Tanenbaum, Zachary"]
[Black "Devaev, Alexander"]
[WhiteFideId "2060850"]
[BlackFideId "4169395"]
[WhiteElo "2168"]
[BlackElo "2185"]
[Result "1-0"]
[Round "09"]
[TimeControl "180+1"]
[Date "2022.02.15"]
[WhiteClock "0:00:39"]
[BlackClock "0:00:22"]

1. e4 c6 2. d4 d5 3. exd5 cxd5 4. Bd3 Nc6 5. c3 Nf6 6. Bf4 g6 7. Nf3 Bf5 8. Bxf5 gxf5 9. O-O e6 10. Ne5 Rc8 11. Nd2 Bd6 12. Re1 Qc7 13. c4 Nxd4 14. cxd5 Nxd5 15. Ndc4 Nxf4 16. Qxd4 Bxe5 17. Nxe5 Nd5 18. Ng4 O-O 19. Nh6# 1-0


[Site "https://www.chess.com"]

[Event "Titled Tuesday Blitz February 15 Early 2022"]
[White "Tay, Junior"]
[Black "Kirillov, Dmitry"]
[WhiteFideId "5800439"]
[BlackFideId "34180572"]
[WhiteElo "2216"]
[BlackElo "2076"]
[Result "1-0"]
[Round "09"]
[TimeControl "180+1"]
[Date "2022.02.15"]
[WhiteClock "0:01:15"]
[BlackClock "0:00:03"]

1. Nc3 d5 2. e4 dxe4 3. f3 Nf6 4. fxe4 e5 5. Nf3 Bc5 6. Bc4 Nc6 7. d3 O-O 8. Na4 Qd6 9. Nxc5 Qxc5 10. Qe2 Bg4 11. Be3 Nd4 12. Bxd4 exd4 13. O-O Nd7 14. Qf2 Bxf3 15. gxf3 Kh8 16. f4 f5 17. e5 Nb6 18. Bb3 a5 19. a4 Nd5 20. Bxd5 Qxd5 21. Qg2 Qxg2+ 22. Kxg2 Rfe8 23. Kf3 Re6 24. Rg1 Kg8 25. h4 h5 26. Ra3 Rd8 27. Rb3 b6 28. Rb5 Rc6 29. Rg2 Kf7 30. Ke2 g6 31. Kd2 Ke7 32. c4 Re6 33. Rg1 Kd7 34. c5 Rb8 35. Rc1 Rc6 36. Rc4 Kc8 37. Rxd4 bxc5 38. Rxb8+ Kxb8 39. Rd8+ Kb7 40. Kc3 Rb6 41. Rf8 Rb4 42. e6 c4 43. e7 cxd3 44. e8=Q d2 45. Qa8+ 1-0


[Site "https://www.chess.com"]

[Event "Titled Tuesday Blitz February 15 Early 2022"]
[White "Ter-Sahakyan, Samvel"]
[Black "Poormosavi, Seyed Kian"]
[WhiteFideId "13302531"]
[BlackFideId "12585807"]
[WhiteElo "2592"]
[BlackElo "2116"]
[Result "1/2-1/2"]
[Round "09"]
[TimeControl "180+1"]
[Date "2022.02.15"]
[WhiteClock "0:00:42"]
[BlackClock "0:00:39"]

1. d4 Nf6 2. Bg5 e6 3. e4 h6 4. Bxf6 Qxf6 5. Nc3 b6 6. Qd2 Bb7 7. O-O-O Qd8 8. f4 Be7 9. Nf3 d6 10. g4 Nd7 11. Rg1 a6 12. Kb1 b5 13. Qe3 c5 14. d5 e5 15. f5 Bg5 16. Qf2 Qb6 17. h4 Be7 18. g5 hxg5 19. hxg5 c4 20. Qxb6 Nxb6 21. a3 O-O-O 22. g6 f6 23. Bg2 Rh6 24. Rh1 Rdh8 25. Rxh6 Rxh6 26. Ne2 Nd7 27. Ng3 Kd8 28. Rh1 Rxh1+ 29. Bxh1 Ke8 30. Nh2 Kf8 31. Ng4 Bd8 32. c3 Bb6 33. Bf3 Nc5 34. Be2 Bc8 35. Kc1 a5 36. Kd2 Ba6 37. Kc2 Nb3 38. Bf1 Na1+ 39. Kb1 Nb3 40. Kc2 Na1+ 41. Kd1 Nb3 42. Kc2 1/2-1/2


[Site "https://www.chess.com"]

[Event "Titled Tuesday Blitz February 15 Early 2022"]
[White "Terry, Renato"]
[Black "Ponkratov, Pavel"]
[WhiteFideId "3803457"]
[BlackFideId "4157800"]
[WhiteElo "2577"]
[BlackElo "2487"]
[Result "1-0"]
[Round "09"]
[TimeControl "180+1"]
[Date "2022.02.15"]
[WhiteClock "0:00:03"]
[BlackClock "0:00:16"]

1. d4 Nf6 2. Bg5 c5 3. Bxf6 gxf6 4. d5 Qb6 5. Qc1 f5 6. c4 Bh6 7. Qc2 f4 8. g3 d6 9. Bh3 Na6 10. a3 e6 11. Nc3 Qa5 12. Kf1 Bd7 13. Rd1 O-O-O 14. dxe6 Bxe6 15. Bxe6+ fxe6 16. Nf3 Kb8 17. Qe4 Nc7 18. Kg2 Qb6 19. Qc2 Qc6 20. Rhe1 d5 21. Ne5 Qe8 22. b4 fxg3 23. hxg3 Bg7 24. Nf3 Qg6 25. Qb3 cxb4 26. Qxb4 Na6 27. Qa5 Qc2 28. Rc1 Bxc3 29. Qxc3 Qxc3 30. Rxc3 Rc8 31. Rec1 dxc4 32. Rxc4 Rxc4 33. Rxc4 b6 34. Rh4 Nc5 35. Rh6 Kc7 36. Ng5 b5 37. Nxe6+ Kd6 38. Nxc5+ Kxc5 39. Ra6 Ra8 40. e4 Kd4 41. f3 Ke3 42. e5 Rc8 43. f4 Rc2+ 44. Kh3 Kf3 45. Rxa7 Rc1 46. Kh4 h6 47. Kh5 Kxg3 48. f5 Kf4 49. f6 Kxe5 50. f7 Rf1 51. Kg6 h5 52. Kg7 Rg1+ 53. Kf8 h4 54. Ke8 h3 55. f8=Q h2 56. Re7+ Kd4 57. Qf4+ Kc5 58. Qxh2 Rg8+ 59. Kf7 Rc8 60. Qe5+ Kb6 61. Re6+ Ka5 62. Qe1+ Ka4 63. Qb4# 1-0


[Site "https://www.chess.com"]

[Event "Titled Tuesday Blitz February 15 Early 2022"]
[White "Todorovic, Bojan"]
[Black "Carrasco Miranda, Andres"]
[WhiteFideId "917087"]
[BlackFideId "3405990"]
[WhiteElo "2266"]
[BlackElo "2177"]
[Result "0-1"]
[Round "09"]
[TimeControl "180+1"]
[Date "2022.02.15"]
[WhiteClock "0:00:01"]
[BlackClock "0:00:56"]

1. Nf3 g6 2. c4 Bg7 3. Nc3 Nf6 4. d4 d5 5. Bg5 Ne4 6. Bh4 Nxc3 7. bxc3 dxc4 8. e3 O-O 9. Bxc4 b6 10. Qb3 Ba6 11. Bxa6 Nxa6 12. O-O c5 13. Qa3 Nc7 14. dxc5 Re8 15. Nd4 Qd5 16. cxb6 axb6 17. Qb3 e5 18. Qxd5 Nxd5 19. Nb5 Ra4 20. Bg3 e4 21. Nd6 Rea8 22. Rab1 f5 23. h4 Rxa2 24. Rb5 Nxc3 25. Rxb6 Ne2+ 26. Kh2 Nxg3 27. fxg3 Re2 28. Nc4 Bh6 29. Rd1 Rc8 30. Ne5 Bxe3 31. Nd7 Bxb6 32. Nxb6 Rcc2 33. Rg1 e3 34. Nd5 Rcd2 35. Nf4 Rf2 36. Re1 e2 37. Kg1 Rxf4 38. gxf4 Kg7 39. Kf2 Kh6 40. Rxe2 Rxe2+ 41. Kxe2 Kh5 42. g3 Kg4 43. Kf2 Kh3 44. Kf3 h5 45. Kf2 Kh2 46. Kf3 Kg1 47. Ke3 Kg2 48. Kd4 Kxg3 49. Ke5 Kg4 50. Kf6 Kxf4 51. Kxg6 Kg4 52. Kf6 f4 0-1


[Site "https://www.chess.com"]

[Event "Titled Tuesday Blitz February 15 Early 2022"]
[White "Tregubov, Pavel V."]
[Black "Cramling Bellon, Anna"]
[WhiteFideId "4115341"]
[BlackFideId "32009232"]
[WhiteElo "2341"]
[BlackElo "1905"]
[Result "1-0"]
[Round "09"]
[TimeControl "180+1"]
[Date "2022.02.15"]
[WhiteClock "0:01:10"]
[BlackClock "0:00:14"]

1. e4 c5 2. Nf3 e6 3. c3 Nf6 4. e5 Nd5 5. d4 cxd4 6. cxd4 d6 7. Bc4 Nb6 8. Bd3 Nc6 9. O-O Be7 10. Nc3 O-O 11. Qe2 dxe5 12. dxe5 Nd5 13. Qe4 g6 14. Bh6 Re8 15. Rad1 Nxc3 16. bxc3 Qc7 17. Rfe1 b6 18. Qf4 Bb7 19. Ng5 Bf8 20. Qh4 Nxe5 21. Bxf8 Kxf8 22. Qxh7 Nxd3 23. Rxd3 Qf4 24. Rd7 Re7 25. Qh8# 1-0


[Site "https://www.chess.com"]

[Event "Titled Tuesday Blitz February 15 Early 2022"]
[White "Tuleyeva-Aketayeva, Dana"]
[Black "Clawitter, Craig"]
[WhiteFideId "13701932"]
[BlackFideId "2023105"]
[WhiteElo "1944"]
[BlackElo "2137"]
[Result "0-1"]
[Round "09"]
[TimeControl "180+1"]
[Date "2022.02.15"]
[WhiteClock "0:00:04"]
[BlackClock "0:00:40"]

1. d4 e6 2. Nf3 Nf6 3. g3 d5 4. Bg2 Be7 5. c4 O-O 6. O-O dxc4 7. Ne5 Nc6 8. Nxc6 bxc6 9. Bxc6 Rb8 10. Bg2 c5 11. dxc5 Qa5 12. c6 Rd8 13. Qc2 Ba6 14. Bf4 e5 15. Be3 Nd5 16. Bxa7 Rbc8 17. Nc3 Nb4 18. Qa4 Qxa4 19. Nxa4 Nxc6 20. Bb6 Rd2 21. Rfe1 Nd4 22. Bxd4 exd4 23. Rad1 c3 24. bxc3 Rxd1 25. Rxd1 dxc3 26. Be4 Bxe2 27. Re1 c2 28. Rc1 Bd1 29. Nb2 Ba3 30. Nxd1 Bxc1 31. Ne3 Bxe3 0-1


[Site "https://www.chess.com"]

[Event "Titled Tuesday Blitz February 15 Early 2022"]
[White "Vaishali, Rameshbabu"]
[Black "Korkmaz, Necmettin"]
[WhiteFideId "5091756"]
[BlackFideId "6303285"]
[WhiteElo "2343"]
[BlackElo "2094"]
[Result "0-1"]
[Round "09"]
[TimeControl "180+1"]
[Date "2022.02.15"]
[WhiteClock "0:00:01"]
[BlackClock "0:00:58"]

1. d4 d5 2. c4 e5 3. dxe5 d4 4. Nf3 Nc6 5. a3 Nge7 6. b4 Ng6 7. Bb2 a5 8. b5 Ncxe5 9. Nxe5 Nxe5 10. Qxd4 Qxd4 11. Bxd4 Nxc4 12. e3 Be6 13. Be2 Be7 14. O-O O-O 15. Rc1 Nd6 16. Rxc7 Bd8 17. Rc1 a4 18. Nc3 Be7 19. Bd1 Rfc8 20. b6 Rc4 21. Be2 Rcc8 22. Bd1 Rc4 23. Be2 Rcc8 24. g4 h6 25. h3 Bb3 26. Bf3 Ra5 27. Kg2 Rb8 28. Ne4 Nc4 29. Be2 Nxa3 30. Rc7 Bf8 31. Bc5 Bd5 32. f3 Bxe4 33. Bxa3 Bc6 34. Bxf8 Kxf8 0-1


[Site "https://www.chess.com"]